 Seeded DCSS version 0.29-a0-1047-g7c58e119a4 (webtiles) character file.

Game seed: 7296620447873847827 (custom seed)

75 voltaire321 the Sneak (level 4, -8/24 HPs)
             Began as a Kobold Enchanter on Aug 16, 2022.
             Mangled by a black bear (11 damage)
             ... on level 3 of the Dungeon.
             The game lasted 00:08:14 (2602 turns).

voltaire321 the Sneak (Kobold Enchanter)            Turns: 2602, Time: 00:08:14

Health: -8/24      AC:  2    Str:  7    XL:     4   Next: 55%
Magic:  6/8        EV: 14    Int: 19    God:
Gold:   109        SH:  6    Dex: 15    Spells: 1/8 levels left

rFire   . . .      SeeInvis .   a - +1 dagger
rCold   + . .      Faith    .   f - +2 buckler
rNeg    . . .      Spirit   .   m - +0 robe of the End {rElec rC+ Regen+ Int+3}
rPois   .          Reflect  .   (no helmet)
rElec   +          Harm     .   (no cloak)
rCorr   .          Rampage  .   (no gloves)
Will    .....                   (no boots)
Stlth   ++++......              (no amulet)
HPRegen 0.88/turn               (no ring)
MPRegen 0.11/turn               (no ring)

@: no status effects
A: small, no large weapons, nightstalker 3
a: no special abilities


You were on level 3 of the Dungeon.
You visited 1 branch of the dungeon, and saw 3 of its levels.

You collected 109 gold pieces.

Inventory:

Hand Weapons
 a - a +1 dagger (weapon)
 j - a +0 short sword of freezing
Armour
 f - a +2 buckler (worn)
 i - a +0 ring mail of positive energy
 m - the +0 robe of the End (worn) {rElec rC+ Regen+ Int+3}
   (You took it off a kobold on level 2 of the Dungeon)

   Int:       It affects your intelligence (+3).
   rC:        It protects you from cold.
   rElec:     It insulates you from electricity.
   Regen:     It increases your rate of health regeneration.
Wands
 b - a wand of charming (9)
Scrolls
 n - a scroll of teleportation
 o - a scroll of magic mapping {unknown}
Potions
 c - 2 potions of invisibility
 d - 2 potions of lignification
 e - a potion of curing
 g - a potion of brilliance {unknown}
 h - a potion of haste {unknown}
 k - a potion of might {unknown}
 l - a potion of heal wounds {unknown}


   Skills:
 + Level 0.0 Fighting
 + Level 2.2 Short Blades
 + Level 3.1 Dodging
 + Level 4.5 Stealth
 + Level 2.7 Spellcasting
 + Level 3.4 Hexes
 + Level 0.8 Summonings
 + Level 0.7 Ice Magic


You had one spell level left.
You knew the following spells:

 Your Spells              Type           Power      Damage    Failure   Level
a - Ensorcelled Hibernat  Hex/Ice        20%        N/A       16%         2
b - Call Imp              Summ           5%         N/A       26%         2
c - Frozen Ramparts       Ice            10%        1d2       47%         3

Your spell library contained the following spells:

 Spells                   Type           Power      Damage    Failure   Level
 Summon Small Mammal      Summ           20%        N/A       17%         1
 Freeze                   Ice            20%        1d4       19%         1
 Magic Dart               Conj           8%         1d3       24%         1
 Shock                    Conj/Air       8%         1d3       24%         1
 Confusing Touch          Hex            15%        N/A       19%         3
 Tukima's Dance           Hex            15%        N/A       19%         3
 Summon Guardian Golem    Hex/Summ       10%        N/A       30%         3
 Dazzling Flash           Conj/Hex       18%        N/A       36%         3
 Call Canine Familiar     Summ           5%         N/A       45%         3
 Mephitic Cloud           Conj/Pois/Air  2%         N/A       58%         3
 Stone Arrow              Conj/Erth      4%         3d7       58%         3
 Swiftness                Air            2%         N/A       58%         3
 Animate Armour           Summ/Erth      8%         N/A       90%         4
 Hailstorm                Conj/Ice       4%         3d4       91%         4
 Airstrike                Air            1%         2d(1-17)  94%         4
 Lehudib's Crystal Spear  Conj/Erth      1%         10d2      100%        8


Dungeon Overview and Level Annotations

Branches:
Dungeon (3/15)

Altars:


Innate Abilities, Weirdness & Mutations

You are small and have problems with some larger weapons.
You are completely attuned to the shadows.


Message History

You can't see any susceptible monsters within range! (Use Z to cast anyway.)
Casting: Call Imp (quite dangerous; 26% risk of failure)
Confirm with . or Enter, or press ? or * to list all spells.
The spell is quite dangerous to miscast (26% risk of failure)!
Continue anyway?
Okay, then.
Casting: Call Imp (quite dangerous; 26% risk of failure)
Confirm with . or Enter, or press ? or * to list all spells.
You can't see any susceptible monsters within range! (Use Z to cast anyway.) Unknown command.
Casting: Call Imp (quite dangerous; 26% risk of failure)
Confirm with . or Enter, or press ? or * to list all spells.
The spell is quite dangerous to miscast (26% risk of failure)!
Continue anyway?
A beastly little devil appears in a puff of flame.
The black bear misses you. The black bear claws you. x2
The black bear bites you. The black bear claws you.
The black bear closely misses you.
You hit the black bear.
The black bear is almost dead.
The black bear bites you.
* * * LOW HITPOINT WARNING * * *
The black bear misses you. You block the black bear's attack.
Your crimson imp hits the black bear.
You hit the black bear.
The black bear is almost dead.
The black bear misses you. The black bear closely misses you.
The black bear claws you.
* * * LOW HITPOINT WARNING * * *
The black bear barely misses you. The black bear claws you.
* * * LOW HITPOINT WARNING * * *
The black bear claws you.
* * * LOW HITPOINT WARNING * * *
Your crimson imp closely misses the black bear.
You closely miss the black bear.
The black bear is almost dead.
The black bear closely misses you. x2; You block the black bear's attack.
Your crimson imp hits the black bear but does no damage.
You hit the black bear but do no damage.
The black bear is almost dead.
The black bear bites you!
You die...

#######
...5h.#
#####@#
#.# #.#
#.# #.#
####.#
.....#
###..#
####..#


You could see a black bear (berserk, ally target) and a friendly crimson imp
(summoned).

Vanquished Creatures
  An adder (D:2)
  2 worms (D:2)
  3 ball pythons
  4 bats
  7 endoplasms
  4 giant cockroaches
  4 goblins
  5 hobgoblins
  3 jackals (D:1)
  A quokka (D:1)
  5 frilled lizards
  5 kobolds
  3 rats (D:1)
47 creatures vanquished.

Vanquished Creatures (collateral kills)
  An adder (D:3)
1 creature vanquished.

Grand Total: 48 creatures vanquished

Notes
Turn   | Place    | Note
-------+----------+-------------------------------------------
     0 | D:1      | voltaire321 the Kobold Enchanter began the quest for the
                  | Orb.
     0 | D:1      | Reached XP level 1. HP: 10/10 MP: 3/3
   312 | D:1      | Reached XP level 2. HP: 15/15 MP: 5/5
   333 | D:1      | Found a faded altar of an unknown god.
   811 | D:1      | Learned a level 2 spell: Ensorcelled Hibernation
   814 | D:1      | Learned a level 2 spell: Call Imp
   876 | D:1      | Reached XP level 3. HP: 19/19 MP: 6/6
  1642 | D:2      | Identified the +0 robe of the End {rElec rC+ Regen+ Int+3}
  2009 | D:2      | Reached XP level 4. HP: 24/24 MP: 7/7
  2550 | D:3      | Noticed an ogre
  2586 | D:3      | Learned a level 3 spell: Frozen Ramparts
  2594 | D:3      | Noticed a black bear
  2600 | D:3      | HP: 1/24 [black bear (1)]
  2602 | D:3      | Mangled by a black bear

Illustrated notes

Levels and vault maps discovered:
D:1:      lemuel_arrival_tunnels, layout_rooms, dreamdust_ecumenical_altar_grove
D:2:      layout_rooms
D:3:      layout_loops_cross

Skill      XL: |  1  2  3  4 |
---------------+-------------+-----
Short Blades   | 2 |  2.2
Dodging        | 3 |  3.1
Stealth        | |  4.5
Spellcasting   | |  2.7
Hexes          | |  3.4
Summonings     | |  0.8
Ice Magic      | |  0.7

Action                   |  1- 3 |  4- 6 || total
-------------------------+-------+-------++-------
Melee: Dagger            |   112 |    27 ||   139
       Punch             |     1 |       ||     1
 Cast: Call Imp          |       |     2 ||     2
  Use: Scroll            |     5 |       ||     5
 Stab: Sleeping          |    14 |     5 ||    19
Armor: Robe              |     8 |     1 ||     9
Dodge: Dodged            |    53 |    17 ||    70
Block: Buckler           |    17 |     8 ||    25

Table legend: (Time is in decaauts)
 A = Elapsed time spent in this place.
 B = Non-inter-level travel time spent in this place.
 C = Inter-level travel time spent in this place.
 D = Time resting spent in this place.
 E = Time spent auto-exploring this place.
 F = Levels seen in this place.
 G = Mean time per level.
                   A        B        C        D        E       F      G
               +--------+--------+--------+--------+--------+-----+--------+
         Total |   2596 |   2546 |     50 |   1037 |    894 |   3 |  865.3 |
       Dungeon |   2596 |   2546 |     50 |   1037 |    894 |   3 |  865.3 |
               +--------+--------+--------+--------+--------+-----+--------+

Top non-repeatable levels by time:
     D:1: 1378 daAuts
     D:2: 986 daAuts
     D:3: 231 daAuts
